 Dungeon Crawl Stone Soup version 0.19.0-20-gbc5f0c6 (webtiles) character file.

100 magipi the Chiller (level 4, -1/30 HPs)
             Began as a Merfolk Ice Elementalist on Nov 16, 2016.
             Slain by a hobgoblin
             ... wielding a +0 club
             ... led by Robin
              (2 damage)
             ... on level 3 of the Dungeon.
             The game lasted 00:10:18 (2443 turns).

magipi the Chiller (Merfolk Ice Elementalist)       Turns: 2443, Time: 00:10:19

Health: -1/30      AC:  2    Str:  8    XL:     4   Next: 73%
Magic:  7/7        EV: 13    Int: 15    God:
Gold:   66         SH:  0    Dex: 14    Spells: 1 memorised, 6 levels left

rFire  . . .     SeeInvis .     a - +0 dagger
rCold  . . .     Gourm    .     i - +0 robe
rNeg   . . .     Faith    .     (no shield)
rPois  .         Spirit   .     (no helmet)
rElec  .         Reflect  .     (no cloak)
rCorr  .         Harm     .     (no gloves)
MR     .....                    (no boots)
Stlth  ++........               (no amulet)
                                (no ring)
                                (no ring)

@: no status effects
A: change form in water, swift swim, stealthy swim
a: no special abilities


You were on level 3 of the Dungeon.
You were not hungry.

You visited 1 branch of the dungeon, and saw 3 of its levels.

You collected 66 gold pieces.

Notes
Turn   | Place    | Note
-------+----------+-------------------------------------------
     0 | D:1      | magipi the Merfolk Ice Elementalist began the quest for the Orb.
     0 | D:1      | Reached XP level 1. HP: 13/13 MP: 3/3
   167 | D:1      | Reached XP level 2. HP: 8/19 MP: 0/5
   356 | D:1      | Reached skill level 4 in Ice Magic
   446 | D:1      | Found a deep blue altar of Sif Muna.
   819 | D:1      | Reached XP level 3. HP: 14/24 MP: 2/6
  1238 | D:1      | Reached skill level 5 in Ice Magic
  1726 | D:2      | Reached XP level 4. HP: 26/30 MP: 5/7
  2140 | D:2      | Found a shadowy altar of Dithmenos.
  2426 | D:3      | Noticed Robin
  2433 | D:3      | Noticed Zebura's ghost (weakling SpAK)
  2442 | D:3      | HP: 1/30 [goblin/hunting sling[Robin] (2)]
  2443 | D:3      | Slain by a hobgoblin

Inventory:

Hand Weapons
 a - a +0 dagger (weapon)
Armour
 i - a +0 robe (worn)
Jewellery
 f - a cursed amulet of inaccuracy {unknown}
Scrolls
 d - 5 scrolls of identify {unknown}
 e - a scroll of fog {unknown}
 g - a scroll of blinking {unknown}
 j - a scroll of remove curse {unknown}
 n - a scroll of fear {unknown}
 o - a scroll of enchant weapon {unknown}
 q - 2 scrolls of noise {unknown}
 r - a scroll of amnesia {unknown}
Potions
 h - a potion of curing {unknown}
Books
 b - a book of Frost

   Spells                             Type                      Level
   a - Freeze                         Ice                          1
   b - Throw Frost                    Conjuration/Ice              2
   c - Ozocubu's Armour               Charms/Ice                   3
   d - Throw Icicle                   Conjuration/Ice              4
   e - Summon Ice Beast               Ice/Summoning                4
Comestibles
 c - 3 bread rations
 k - a beef jerky
 l - 2 chunks of flesh
 m - 2 fruits
 p - a meat ration


   Skills:
 - Level 2.6 Dodging
 - Level 2.1 Stealth
 - Level 2.0 Spellcasting
   Level 0.7 Conjurations
 + Level 5.8 Ice Magic


You had 6 spell levels left.
You knew the following spells:

 Your Spells              Type           Power        Failure   Level  Hunger
a - Freeze                Ice            ###.         1%          1    #......


Dungeon Overview and Level Annotations

Branches:
Dungeon (3/15)

Altars:
Dithmenos
Sif Muna

Annotations:
D:3 Robin; Zebura's ghost, weakling SpAK

Vault maps used:
D:1:      dpeg_arrival_stone_temple_mockup, minmay_hexomino_r4
D:2:      marbit_many_paths, glass_columns_a, roderic_digamma_sauvastika
D:3:      uniq_robin


Message History

Unknown command.
Casting: Freeze
Confirm with . or Enter, or press ? or * to list all spells.
Aiming: Freeze
Press: ? - help, Shift-Dir - straight line, f - hobgoblin
Aim: a hobgoblin, wielding a club (moderately wounded)
You freeze the hobgoblin.
You kill the hobgoblin!
Unknown command.
Casting: Freeze
Confirm with . or Enter, or press ? or * to list all spells.
You can't see any susceptible monsters within range! (Use Z to cast anyway.) Unknown command.
The rat bites you but does no damage.
Things that are here:
a club; a hobgoblin corpse
Casting: Freeze
Confirm with . or Enter, or press ? or * to list all spells.
Aiming: Freeze
Press: ? - help, Shift-Dir - straight line, f - rat
Aim: a rat You freeze the rat.
You kill the rat!
Unknown command.
You butcher the hobgoblin corpse.
l - 6 chunks of flesh (gained 1)
You see here a club.
Some of the chunks of flesh in your inventory have rotted away.
You start resting.
Magic restored.
Search for what [? for help]? armo A goblin comes into view.
The goblin shouts!
You hear a shout! x2
The goblin barely misses you.
A goblin comes into view.
Unknown command.
Casting: Freeze
Confirm with . or Enter, or press ? or * to list all spells.
Aiming: Freeze
Press: ? - help, Shift-Dir - straight line, f - goblin
Aim: a goblin You freeze the goblin.
You kill the goblin!
The goblin wields a hunting sling.
The goblin shoots a stone.
The stone barely misses you.
Unknown command.
You see here a stone.
Some of the chunks of flesh in your inventory have rotted away.
You start resting.
A hobgoblin comes into view.
A goblin and Robin come into view.
The goblin completely misses you.
A goblin comes into view. It is wielding a dagger.
You see here a stone.
Unknown command.
The goblin shoots a stone.
The stone hits you!
You see here a stone.
The goblin shoots a stone.
The stone hits you but does no damage.
Things that are here:
a stone; a club The goblin shoots a stone.
The stone hits you.
You see here a stone.
The goblin shoots a stone.
The stone closely misses you.
You see here a stone.
Zebura's ghost (weakling Spriggan Abyssal Knight) comes into view.
The goblin shoots a stone.
The stone hits you.
The goblin shoots a stone.
The stone hits you.
You see here 2 stones.
You see here a stone.
A goblin and a hobgoblin come into view.
Robin shouts!
The goblin shouts! x2
The goblin closely misses you. Robin throws the goblin at you!
Things that are here:
a stone; a club Unknown command.
The goblin barely misses you. Robin misses you. Robin throws the goblin at you!
A hobgoblin comes into view. It is wielding a club.
The hobgoblin shouts!
You hear a shout!
The goblin barely misses you.
The goblin shoots a stone.
The stone completely misses you.
A goblin comes into view.
A goblin comes into view. It is wielding a club.
The hobgoblin shouts!
The goblin barely misses you.
Zebura's ghost turns its malevolent gaze towards you.
The hobgoblin shouts!
Robin throws the goblin at you!
A hobgoblin comes into view.
The hobgoblin shouts!
The goblin barely misses you. Zebura's ghost hits you!
* * * LOW HITPOINT WARNING * * *
The goblin hits you with a hunting sling.
* * * LOW HITPOINT WARNING * * *
Robin roars a battlecry!
The goblins go into a battle-frenzy!
The goblin shouts!
A goblin comes into view. It is wielding a dagger.
The goblin closely misses you. The hobgoblin hits you with a club.
You die...

###..W......#
#...<.#####.# #.###.#
#.# # #.# #(# #.#
#.#####(#
#.....#...#(######..
###...##.g..g........
#......W.ggg#######..
#.#..(##g@gg..g....#
##. #gg########g# #
#..# #..# #..# #g..
#.## #.


You could see Robin, Zebura's ghost, 4 hobgoblins and 7 goblins.

Vanquished Creatures
  2 adders
  2 oozes (D:1)
  3 dart slugs
  3 leopard geckos (D:1)
  6 bats
  5 giant cockroaches
  7 goblins
  9 hobgoblins
  3 jackals (D:2)
  8 kobolds
  3 frilled lizards (D:1)
  8 rats
59 creatures vanquished.

Vanquished Creatures (others)
  A dart slug (D:1)
1 creature vanquished.

Grand Total: 60 creatures vanquished

Action                   |  1- 3 |  4- 6 || total
-------------------------+-------+-------++-------
Melee: Unarmed           |    12 |       ||    12
       Dagger            |    28 |    18 ||    46
 Cast: Freeze            |    52 |    21 ||    73
 Stab: Sleeping          |     5 |     7 ||    12
       Distracted        |     1 |       ||     1
  Eat: Chunk             |     3 |     3 ||     6
Armor: Robe              |    12 |     7 ||    19
Dodge: Dodged            |    49 |    36 ||    85

Action                   |  1- 3 |  4- 6 || total
-------------------------+-------+-------++-------
Melee: Unarmed           |    12 |       ||    12
       Dagger            |    28 |    18 ||    46
 Cast: Freeze            |    52 |    21 ||    73
 Stab: Sleeping          |     5 |     7 ||    12
       Distracted        |     1 |       ||     1
  Eat: Chunk             |     3 |     3 ||     6
Armor: Robe              |    12 |     7 ||    19
Dodge: Dodged            |    49 |    36 ||    85
